 Seeded DCSS version 0.30-a0-830-gfe289a77b0 (webtiles) character file.

Game seed: 10962520627805071627 (custom seed)

3 demibob the Trooper (level 1, 18/18 HPs)
             Began as a Demonspawn Fighter on Feb 28, 2023.
             Quit the game on level 1 of the Dungeon.
             The game lasted 00:00:20 (44 turns).

demibob the Trooper (Demonspawn Fighter)              Turns: 44, Time: 00:00:21

Health: 18/18      AC:  6    Str: 16    XL:     1   Next: 41%
Magic:  1/1        EV:  9    Int:  9    God:
Gold:   0          SH:  0    Dex: 12    Spells: 0/0 levels left

rFire   . . .      SeeInvis .    a - +0 long sword
rCold   . . .      Faith    .    (no shield)
rNeg    . . .      Spirit   .    b - +0 scale mail
rPois   .          Reflect  .    (no helmet)
rElec   .          Harm     .    (no cloak)
rCorr   .          Rampage  .    (no gloves)
Will    .....                    (no boots) Stlth
                                 (no amulet)
HPRegen 0.23/turn                (no ring)
MPRegen 0.07/turn                (no ring)

@: no status effects
A: no striking features
a: no special abilities


You were on level 1 of the Dungeon.
You visited 1 branch of the dungeon, and saw 1 of its levels.


   Skills:
 - Level 3.0 Fighting
 + Level 1.9 Long Blades
 + Level 2.8 Armour
 - Level 2.6 Shields


You couldn't memorise any spells.
You didn't know any spells.
Your spell library was empty.

Inventory:

Hand Weapons
 a - a +0 long sword (weapon)
Armour
 b - a +0 scale mail (worn)
Jewellery
 c - an amulet of faith {!P}
Scrolls
 e - a scroll of acquirement
Potions
 d - a potion of might

Dungeon Overview and Level Annotations

Branches:
Dungeon (1/15)

Altars:

############
#.#.@.........
#...#######...
##..######..........>
..............†......
#############.######
##########)#####
#..............#
#..............#
..####'#####..#


There were no monsters in sight!


Message History

You hit the kobold.
The kobold is moderately wounded.
The kobold barely misses you.
You slash the kobold!
You kill the kobold!
A hobgoblin comes into view.
The hobgoblin shouts!
You hear a shout!
You see here a +0 dagger.
Found a triangular peridot amulet.
Found a stone staircase leading down.
The hobgoblin hits you but does no damage.
You hit the hobgoblin.
You kill the hobgoblin!
A kobold comes into view. It is wielding a +0 whip.
You see here a +0 dagger.
The kobold throws a stone.
The stone hits you but does no damage.
Found 3 gold pieces.
The kobold throws a stone.
The stone hits you. The kobold hits you but does no damage.
You barely miss the kobold. The kobold barely misses you.
You hit the kobold but do no damage. The kobold closely misses you.
You slash the kobold!
You kill the kobold!
No target in view!
You see here a +0 dagger.
Found 3 scrolls labelled ENYORH ZOPN.
c - an amulet of faith {!P}
e - 3 scrolls labelled ENYORH ZOPN This is a scroll of acquirement!
Something appears at your feet!
You see here a manual of Fighting.
Something appears at your feet!
Are you sure you want to abandon this character and quit the game? (Confirm with "yes".)

Action                     || total
---------------------------++-------
  Melee: Long sword        ||     6
    Use: Scroll            ||     2
 Armour: Scale mail        ||     3
  Dodge: Dodged            ||     4

Levels and vault maps discovered:
D:1:      lemuel_arrival_room, layout_basic, serial_aquarium,
          aquarium_bridge_square [aquarium_subvault_bridge,
          aquarium_subvault_window, aquarium_subvault_window,
          aquarium_subvault_bridge], aquarium_window_1, aquarium_window_3,
          aquarium_window_double, aquarium_view_2f, aquarium_view_2d,
          aquarium_balcony_3b

Notes
Turn   | Place    | Note
-------+----------+-------------------------------------------
     0 | D:1      | demibob the Demonspawn Fighter began the quest for the Orb.
     0 | D:1      | Reached XP level 1. HP: 18/18 MP: 1/1
    42 | D:1      | Identified 3 scrolls of acquirement
    42 | D:1      | Acquired 213 gold pieces
    43 | D:1      | Acquired a manual of Fighting
    44 | D:1      | Quit the game

Vanquished Creatures
  A hobgoblin (D:1)
  2 kobolds (D:1)
3 creatures vanquished.

Table legend: (Time is in decaauts)
 A = Elapsed time spent in this place.
 B = Non-inter-level travel time spent in this place.
 C = Inter-level travel time spent in this place.
 D = Time resting spent in this place.
 E = Time spent auto-exploring this place.
 F = Levels seen in this place.
 G = Mean time per level.
                   A        B        C        D        E       F      G
               +--------+--------+--------+--------+--------+-----+--------+
         Total |     45 |     45 |      0 |      0 |      0 |   1 |   45.0 |
       Dungeon |     45 |     45 |      0 |      0 |      0 |   1 |   45.0 |
               +--------+--------+--------+--------+--------+-----+--------+

Top non-repeatable levels by time:
     D:1: 45 daAuts

Table legend:
 A = Non-vault XP
 B = Vault XP
 C = Vault XP percentage of total XP
 D = Non-vault monster count
 E = Vault monster count
 F = Vault count percentage of total count
                 A         B        C        D         E       F
            +---------+---------+-------+---------+---------+-------
      Total |       5 |       0 |   0.0 |       3 |       0 |   0.0
            +---------+---------+-------+---------+---------+-------
        D:1 |       5 |       0 |   0.0 |       3 |       0 |   0.0
            +---------+---------+-------+---------+---------+-------
